AoeStats
← Topi-Petteri

Four Lakes

508187738Analyzed
1v1 RM · 11d ago on Sep 21, 2026· 30m 12s· 2 players
Game mode
Random Map
Map size
Tiny (2 player)
Population
200
Speed
Normal
Resources
Standard
Victory
Conquest
Starting age
Dark Age
Ending age
Imperial Age
RankedLock teamsTeams togetherTeam positionsShared explorationLock speedFull tech treeHidden civsTurbo modeCheats
Victory
Defeat
🇫🇮 Poles · Finland
772
+16
🇪🇸 Franks · Spain
781
-16
Topi-Petteri
10:13 Feudal Age
9:02 Loom
10:51 Double-Bit Axe
15:14 Forging
18:19 Scale Barding Armor
18:05 Horse Collar
18:53 Bloodlines
20:37 Arson
21:43 Scale Mail Armor
31:54 Castle Age
30:20 Arson
VITA Seco
11:01 Feudal Age
9:17 Loom
11:47 Double-Bit Axe
15:00 Forging
14:57 Scale Barding Armor
19:16 Fishing Lines
19:17 Man-at-Arms
20:16 Scale Mail Armor
28:01 Castle Age
Connection lost

Rejoining the realm…

Still unreachable

The connection could not be restored.

Session expired

The server has moved on; the page needs a fresh start.